AoeStats
← Brezel

Arabian Desert

510117859Analyzed
1v1 RM · 1d ago on Sep 29, 2026· 24m 9s· 2 players
Game mode
Random Map
Map size
Tiny (2 player)
Population
200
Speed
Normal
Resources
Standard
Victory
Conquest
Starting age
Dark Age
Ending age
Imperial Age
RankedLock teamsTeams togetherTeam positionsShared explorationLock speedFull tech treeHidden civsTurbo modeCheats
Victory
Defeat
🇩🇪 Saxons · Germany
1219
+16
🇹🇷 Bohemians · Türkiye
1227
-16
Brezel
6:24 Loom
9:27 Feudal Age
9:33 Man-at-Arms
10:00 Double-Bit Axe
9:56 Horse Collar
20:17 Castle Age
18:34 Gold Mining
20:57 Scale Mail Armor
20:47 Fletching
22:59 Chain Mail Armor
23:12 Bow Saw
345legolas345
9:51 Feudal Age
9:00 Loom
10:27 Double-Bit Axe
17:41 Castle Age
Connection lost

Rejoining the realm…

Still unreachable

The connection could not be restored.

Session expired

The server has moved on; the page needs a fresh start.